Map: King's Cove LE

Players

Smeeeger

  • Race: Zerg Zerg
  • League: Platinum
  • Spawn Location: 11:00

IlIlIlIlIlIl - Winner!

  • Race: Zerg Zerg
  • League: Platinum
  • Spawn Location: 5:00

VOD

Have the link to the VOD?

Description

Time

  • Played on: July 26, 2019, 8:38 a.m.
  • Length: 5:18
Show
View Real Time Build Order
Export as new Build Order

Smeeeger Zerg 

Build Orders: Hatch First 

Get SALT Encoding   

  12  0:02  Drone  
  13  0:14  Overlord  
  13  0:24  Drone  
  14  0:32  Drone x2  
  16  0:43  Drone  
  17  1:03  Hatchery  
  16  1:08  Drone  
  16  1:09  Drone  
  18  1:14  Drone  
  19  1:23  Spawning Pool, Extractor  
  19  1:25  Drone  
  18  1:31  Drone  
  19  1:42  Overlord  
  19  2:10  Queen  
  19  2:11  Zergling x4  
  23  2:16  Queen  
  23  2:17  Zergling x2  
  23  2:21  Drone  
  27  2:24  Metabolic Boost  
  27  2:40  Drone x3  
  27  2:41  Drone  
  31  2:49  Overlord x2  
  31  3:07  Queen  
  31  3:09  Queen  
  31  3:11  Drone x4  
  39  3:19  Drone x2  
  41  3:29  Overlord  
  41  3:31  Overlord  
  41  3:37  Drone x2  
  43  3:47  Queen  
  45  3:49  Drone x2  
  45  3:50  Drone  
  45  3:52  Zergling x6  
  51  4:00  Drone x2  
  53  4:04  Extractor  
  53  4:05  Drone, Extractor  
  52  4:15  Zergling x6  
  54  4:18  Drone x3  
  54  4:21  Spine Crawler  
  54  4:24  Roach Warren  
  55  4:26  Evolution Chamber  
  54  4:32  Drone  
  54  4:33  Drone, Overlord x2  
  56  4:44  Overlord x2  
Show
View Real Time Build Order
Export as new Build Order

IlIlIlIlIlIl Zerg - Winner!

Build Orders: Hatch First 

Get SALT Encoding   

  12  0:01  Drone  
  13  0:08  Drone  
  14  0:18  Overlord  
  14  0:44  Hatchery  
  14  0:48  Drone  
  14  1:04  Spawning Pool  
  14  1:06  Extractor  
  14  1:09  Drone  
  13  1:14  Drone  
  13  1:17  Drone  
  15  1:42  Drone  
  15  1:44  Drone  
  17  1:51  Queen  
  19  1:57  Queen  
  19  2:00  Drone  
  22  2:07  Drone  
  23  2:15  Roach Warren  
  22  2:21  Drone  
  23  2:26  Overlord  
  23  2:54  Drone x2  
  23  2:55  Overlord  
  23  2:56  Extractor  
  24  3:03  Overlord x2  
  24  3:10  Roach  
  24  3:11  Roach  
  28  3:16  Roach  
  30  3:22  Roach  
  30  3:25  Roach  
  34  3:32  Evolution Chamber  
  33  3:38  Roach  
  35  3:47  Roach x2  
  39  3:53  Roach  
  41  4:05  Roach  
  43  4:19  Roach  
  43  4:20  Roach  
  47  4:31  Ravager  
  47  4:32  Ravager  
  49  4:44  Roach  
Tags
 
Add a new tag
Caveats
  • Supply blocks, unpowered buildings, or Contaminate may cause inaccurate times.
  • Supply counts are checked every 10 seconds.